[ AOE2 MATCH · #505134362 ]
UnrankedVietnamese vs Mapuche
Player's team · WIN
Rival team · LOSS
[ REPLAY ANALYSIS · EXTRACTED FROM THE RECORDED GAME ]
Feudal
13:22
Castle
16:59
Imperial
—
| APM avg | 36.0 |
| APM peak | 50 |
| eAPM avg | 17.2 |
| Villagers / military | 40 / 24 |
Focus
⚔️ 31.0% · 🌾 69.0%
Mangonel ×7 · Monk ×5 · Spearman ×4 · Fire Lancer ×4 · Militia ×3 · Battering Ram ×1
Feudal
9:23
Castle
20:54
Imperial
—
| APM avg | 50.2 |
| APM peak | 76 |
| eAPM avg | 22.9 |
| Villagers / military | 45 / 10 |
Focus
⚔️ 29.3% · 🌾 70.7%
Skirmisher ×7 · Unknown (2550) ×6 · Spearman ×3
Match map
Initial resources + every placement click. Lines = walls · curves = elevation contours. ◆ gold · ⬟ stone · ● berries · ✦ relic · ◌ wall gap
Your base· ✓ Closed at 16:59 · 45t walls · no gate
Viva Cristo's base· Open — opponent sealed themselves in
Smoothed initial terrain · ◌ = detected wall gap · hover for details
Inputs per minute
— lapoejs - - Viva Cristo
Build order — lapoejs
124 actions detected in the replay
| 0:00 | Queue | Villager (Male) ×4 |
| 0:02 | Build | House |
| 0:03 | Build | House |
| 1:28 | Queue | Villager (Male) |
| 1:47 | Build | Lumber Camp |
| 1:58 | Queue | Villager (Male) |
| 2:27 | Queue | Villager (Male) |
| 2:43 | Queue | Villager (Male) |
| 3:15 | Queue | Villager (Male) |
| 3:50 | Build | House |
| 3:56 | Queue | Villager (Male) |
| 4:03 | Queue | Villager (Male) |
| 4:03 | Queue | Villager (Male) |
| 4:24 | Build | Barracks |
| 4:29 | Queue | Villager (Male) |
| 4:29 | Queue | Villager (Male) |
| 4:45 | Queue | Villager (Male) |
| 5:07 | Build | House |
| 5:16 | Build | House |
| 5:22 | Build | House |
| 5:27 | Queue | Militia |
| 5:29 | Queue | Militia |
| 5:37 | Build | Palisade Wall |
| 5:39 | Build | Palisade Wall |
| 5:45 | Queue | Villager (Male) |
| 5:49 | Queue | Villager (Male) |
| 5:54 | Build | Palisade Wall |
| 6:09 | Queue | Militia |
| 6:29 | Queue | Villager (Male) |
| 6:35 | Build | Palisade Wall |
| 6:50 | Queue | Villager (Male) |
| 6:57 | Build | Mill |
| 7:03 | Build | Mill |
| 7:19 | Queue | Villager (Male) |
| 7:25 | Build | Palisade Wall |
| 7:26 | Build | Palisade Wall |
| 7:36 | Queue | Villager (Male) |
| 7:59 | Build | Farm |
| 8:16 | Queue | Villager (Male) |
| 8:35 | Queue | Villager (Male) |
| 8:40 | Build | House |
| 8:44 | Build | Farm |
| 9:04 | Queue | Villager (Male) |
| 9:18 | Queue | Villager (Male) |
| 9:21 | Build | Palisade Wall |
| 9:24 | Build | Palisade Wall |
| 9:32 | Research | Loom |
| 9:35 | Build | Mining Camp |
| 9:54 | Build | Farm |
| 10:05 | Queue | Villager (Male) |
| 10:28 | Build | Farm |
| 10:31 | Build | Farm |
| 10:37 | Queue | Villager (Male) |
| 10:52 | Build | House |
| 11:08 | Research | Feudal Age |
| 11:54 | Build | Farm |
| 12:09 | Queue | Villager (Male) |
| 12:10 | Queue | Villager (Male) |
| 13:22 | Age | Feudal Age |
| 13:26 | Build | Market |
| 13:28 | Build | Blacksmith |
| 14:19 | Research | Castle Age |
| 14:41 | Build | House |
| 14:53 | Build | Palisade Wall |
| 14:57 | Research | Double-Bit Axe |
| 15:28 | Build | House |
| 15:31 | Queue | Spearman |
| 15:34 | Research | Gold Mining |
| 15:37 | Research | Horse Collar |
| 15:37 | Research | Horse Collar |
| 16:06 | Queue | Villager (Male) |
| 16:40 | Research | Town Watch |
| 16:45 | Build | Lumber Camp |
| 16:59 | Age | Castle Age |
| 17:01 | Build | Siege Workshop |
| 17:06 | Build | Monastery |
| 17:07 | Research | Bow Saw |
| 17:11 | Queue | Fire Lancer |
| 17:11 | Queue | Fire Lancer |
| 17:28 | Queue | Villager (Male) |
| 17:31 | Build | House |
| 17:34 | Build | House |
| 17:38 | Build | House |
| 17:47 | Queue | Mangonel |
| 17:51 | Queue | Spearman |
| 17:53 | Queue | Monk |
| 17:59 | Build | Outpost |
| 18:20 | Queue | Mangonel |
| 18:21 | Queue | Villager (Male) |
| 18:27 | Build | House |
| 18:31 | Queue | Fire Lancer |
| 18:31 | Queue | Fire Lancer |
| 18:49 | Queue | Monk |
| 18:49 | Queue | Monk |
| 18:57 | Build | House |
| 19:19 | Queue | Villager (Male) |
| 19:20 | Queue | Villager (Male) |
| 19:20 | Queue | Mangonel |
| 19:25 | Queue | Villager (Male) |
| 19:27 | Build | Farm |
| 19:27 | Build | Farm |
| 19:27 | Build | Farm |
| 19:27 | Build | Farm |
| 19:27 | Build | Farm |
| 19:44 | Build | House |
| 19:50 | Queue | Villager (Male) |
| 19:58 | Queue | Mangonel |
| 20:11 | Build | House |
| 20:21 | Queue | Monk |
| 20:27 | Queue | Villager (Male) |
| 20:42 | Queue | Mangonel |
| 20:47 | Build | House |
| 20:48 | Queue | Villager (Male) |
| 20:53 | Build | Lumber Camp |
| 21:02 | Queue | Monk |
| 21:24 | Queue | Villager (Male) |
| 21:36 | Research | Sanctity |
| 21:41 | Queue | Spearman |
| 21:41 | Queue | Spearman |
| 21:46 | Build | House |
| 22:18 | Queue | Mangonel |
| 22:18 | Queue | Mangonel |
| 22:19 | Queue | Battering Ram |
| 22:21 | Queue | Villager (Male) |
Build order — Viva Cristo
120 actions detected in the replay
| 0:07 | Build | House |
| 0:09 | Build | House |
| 0:09 | Queue | Villager (Male) |
| 0:10 | Queue | Villager (Male) |
| 0:10 | Queue | Villager (Male) |
| 0:22 | Queue | Villager (Male) |
| 0:22 | Queue | Villager (Male) |
| 0:22 | Queue | Villager (Male) |
| 1:31 | Queue | Villager (Male) |
| 1:31 | Queue | Villager (Male) |
| 2:01 | Build | Settlement |
| 2:04 | Queue | Villager (Male) |
| 2:04 | Queue | Villager (Male) |
| 2:22 | Queue | Villager (Male) |
| 2:22 | Queue | Villager (Male) |
| 3:04 | Queue | Villager (Male) |
| 3:04 | Queue | Villager (Male) |
| 3:35 | Queue | Villager (Male) |
| 3:35 | Queue | Villager (Male) |
| 3:47 | Queue | Villager (Male) |
| 3:48 | Queue | Villager (Male) |
| 4:01 | Queue | Villager (Male) |
| 4:01 | Queue | Villager (Male) |
| 4:19 | Queue | Villager (Male) |
| 4:19 | Queue | Villager (Male) |
| 4:31 | Build | Settlement |
| 5:04 | Queue | Villager (Male) |
| 5:04 | Queue | Villager (Male) |
| 5:04 | Queue | Villager (Male) |
| 5:59 | Queue | Villager (Male) |
| 6:00 | Research | Loom |
| 6:48 | Build | House |
| 7:13 | Research | Feudal Age |
| 7:23 | Build | Palisade Wall |
| 8:00 | Build | House |
| 8:01 | Build | Palisade Wall |
| 8:13 | Build | Palisade Wall |
| 8:15 | Build | House |
| 8:18 | Build | House |
| 8:22 | Build | Palisade Wall |
| 8:24 | Build | Palisade Wall |
| 8:25 | Build | Palisade Wall |
| 8:45 | Build | House |
| 8:47 | Build | Palisade Wall |
| 8:52 | Build | House |
| 8:59 | Build | Palisade Wall |
| 9:19 | Queue | Villager (Male) |
| 9:19 | Queue | Villager (Male) |
| 9:20 | Queue | Villager (Male) |
| 9:23 | Age | Feudal Age |
| 9:28 | Queue | Skirmisher |
| 9:28 | Queue | Skirmisher |
| 9:32 | Research | Double-Bit Axe |
| 9:33 | Queue | Villager (Male) |
| 9:41 | Build | House |
| 9:44 | Build | Palisade Wall |
| 10:03 | Queue | Villager (Male) |
| 10:03 | Queue | Villager (Male) |
| 10:08 | Queue | Villager (Male) |
| 10:27 | Build | Farm |
| 10:40 | Queue | Villager (Male) |
| 10:42 | Build | Farm |
| 10:50 | Build | House |
| 10:59 | Queue | Skirmisher |
| 11:16 | Build | Farm |
| 11:51 | Queue | Skirmisher |
| 11:53 | Queue | Skirmisher |
| 11:57 | Build | Farm |
| 12:19 | Build | Palisade Wall |
| 12:23 | Queue | Villager (Male) |
| 12:26 | Build | Farm |
| 12:27 | Queue | Villager (Male) |
| 12:33 | Queue | Spearman |
| 12:56 | Build | Farm |
| 12:59 | Build | Farm |
| 13:00 | Build | Farm |
| 13:01 | Queue | Villager (Male) |
| 13:15 | Build | Farm |
| 13:16 | Queue | Villager (Male) |
| 13:28 | Queue | Villager (Male) |
| 13:45 | Research | Horse Collar |
| 14:02 | Build | Farm |
| 14:03 | Queue | Villager (Male) |
| 14:18 | Queue | Skirmisher |
| 14:20 | Queue | Skirmisher |
| 14:21 | Queue | Villager (Male) |
| 14:24 | Build | Farm |
| 14:29 | Build | Palisade Wall |
| 14:37 | Build | Palisade Wall |
| 14:37 | Build | Palisade Wall |
| 14:46 | Queue | Villager (Male) |
| 14:49 | Build | Farm |
| 15:22 | Build | Settlement |
| 15:52 | Build | Farm |
| 16:02 | Queue | Spearman |
| 16:03 | Queue | Spearman |
| 16:07 | Queue | Villager (Male) |
| 16:18 | Build | Farm |
| 16:22 | Build | Market |
| 16:51 | Queue | Villager (Male) |
| 16:52 | Queue | Villager (Male) |
| 17:09 | Build | Blacksmith |
| 18:14 | Research | Castle Age |
| 18:33 | Build | House |
| 18:35 | Build | Palisade Wall |
| 18:51 | Research | Gold Mining |
| 19:50 | Build | Barracks |
| 19:58 | Research | Fletching |
| 20:08 | Research | Forging |
| 20:08 | Research | Scale Mail Armor |
| 20:33 | Build | Barracks |
| 20:54 | Age | Castle Age |
| 20:57 | Research | Tech 1402 |
| 21:16 | Queue | Unit 2550 |
| 21:17 | Queue | Unit 2550 |
| 21:18 | Queue | Unit 2550 |
| 21:18 | Queue | Unit 2550 |
| 21:18 | Queue | Unit 2550 |
| 21:31 | Build | Settlement |
| 21:42 | Queue | Unit 2550 |
Match timeline
| 4:24 | lapoejs · first_building Barracks |
| 5:37 | lapoejs · wall_segment Palisade Wall x5 |
| 5:39 | lapoejs · wall_segment Palisade Wall x7 |
| 5:54 | lapoejs · wall_segment Palisade Wall x5 |
| 6:35 | lapoejs · wall_segment Palisade Wall x11 |
| 7:23 | Viva Cristo · wall_segment Palisade Wall x4 |
| 7:25 | lapoejs · wall_segment Palisade Wall x9 |
| 7:26 | lapoejs · wall_segment Palisade Wall x1 |
| 8:01 | Viva Cristo · wall_segment Palisade Wall x5 |
| 8:13 | Viva Cristo · wall_segment Palisade Wall x1 |
| 8:22 | Viva Cristo · wall_segment Palisade Wall x1 |
| 8:24 | Viva Cristo · wall_segment Palisade Wall x1 |
| 8:25 | Viva Cristo · wall_segment Palisade Wall x1 |
| 8:47 | Viva Cristo · wall_segment Palisade Wall x1 |
| 8:59 | Viva Cristo · wall_segment Palisade Wall x2 |
| 9:21 | lapoejs · wall_segment Palisade Wall x2 |
| 9:23 | Viva Cristo · age_up feudal |
| 9:24 | lapoejs · wall_segment Palisade Wall x5 |
| 9:44 | Viva Cristo · wall_segment Palisade Wall x4 |
| 12:19 | Viva Cristo · wall_segment Palisade Wall x1 |
| 13:22 | lapoejs · age_up feudal |
| 14:11 | lapoejs · first_market_sell 100 wood |
| 14:13 | lapoejs · first_market_buy 100 food |
| 14:29 | Viva Cristo · wall_segment Palisade Wall x12 |
| 14:37 | Viva Cristo · wall_segment Palisade Wall x1 |
| 14:37 | Viva Cristo · wall_segment Palisade Wall x1 |
| 14:53 | lapoejs · wall_segment Palisade Wall x1 |
| 16:59 | lapoejs · age_up castle |
| 17:01 | lapoejs · first_building Siege Workshop |
| 17:06 | lapoejs · first_building Monastery |
| 18:35 | Viva Cristo · wall_segment Palisade Wall x3 |
| 19:50 | Viva Cristo · first_building Barracks |
| 20:54 | Viva Cristo · age_up castle |
| 21:14 | Viva Cristo · first_market_buy 100 food |
| 22:25 | Viva Cristo · resign |
[ AI ANALYSIS · 1 CREDIT ]
What really happened in this match?
Wolo.gg analyzes every decision: build order, eco, micro, common mistakes by bracket. Personalized analysis on WhatsApp or Discord in 30 seconds.
Civ guide
Vietnamese
Perfil
Jugador #4142107